 Dungeon Crawl Stone Soup version 0.21.1-1-g345015f (webtiles) character file.

435 prawnwizard the Insei (level 7, -1/43 HPs)
             Began as an Octopode Transmuter on July 22, 2018.
             Killed by divine providence
             ... invoked by an orc priest
              (12 damage)
             ... on level 4 of the Dungeon.
             The game lasted 00:04:13 (4015 turns).

prawnwizard the Insei (Octopode Transmuter)         Turns: 4015, Time: 00:04:14

Health: -1/43      AC:  1    Str:  9    XL:     7   Next: 0%
Magic:  11/12      EV: 14    Int: 15    God:
Gold:   151        SH:  0    Dex: 15    Spells: 6/12 levels left

rFire    . . .     SeeInvis .     - Unarmed
rCold    . . .     Gourm    .   (no shield)
rNeg     . . .     Faith    .   (helmet restricted)
rPois    .         Spirit   .   (no amulet)
rElec    .         Reflect  .   (no ring)
rCorr    .         Harm     .   (no ring)
MR       .....                  (no ring)
Stlth    ++........             (no ring)
HPRegen  0.14/turn              (no ring)
MPRegen  0.13/turn              (no ring)
                                (no ring)
                                (no ring)

@: appendage (expiring), drained
A: almost no armour, stealthy swim, amphibious, 8 rings, constrict 8, tentacle
spike 3, camouflage 1, gelatinous body 1
a: End Transformation


You were on level 4 of the Dungeon.
You were not hungry.
One of your tentacles had a temporary spike.
You visited 1 branch of the dungeon, and saw 4 of its levels.

You collected 151 gold pieces.

Inventory:

Missiles
 a - 59 arrows
Jewellery
 h - an uncursed amulet of harm
 q - an uncursed amulet of guardian spirit {unknown}
Wands
 j - a wand of digging (14)
Scrolls
 k - 2 scrolls of remove curse {unknown}
 l - a scroll of random uselessness {unknown}
 m - 2 scrolls of enchant weapon {unknown}
 n - 3 scrolls of identify {unknown}
 o - a scroll of magic mapping {unknown}
Potions
 d - a potion of invisibility {unknown}
 e - a potion of might {unknown}
 f - 2 potions of berserk rage {unknown}
 g - 4 potions of curing {unknown}
 i - a potion of brilliance {unknown}
 r - a potion of mutation {unknown}
Books
 b - a book of Changes

   Spells                             Type                      Level
   a - Beastly Appendage              Transmutation                1
   b - Sticks to Snakes               Transmutation                2
   c - Spider Form                    Transmutation/Poison         3
   d - Ice Form                       Ice/Transmutation            4
   e - Blade Hands                    Transmutation                5
Comestibles
 c - 10 rations
 p - a chunk of flesh


   Skills:
 - Level 1.0(0.0) Fighting
 + Level 3.5(2.5) Dodging
 * Level 5.3(4.2) Unarmed Combat
 + Level 3.4(2.3) Spellcasting
 + Level 3.6(2.6) Transmutations


You had 6 spell levels left.
You knew the following spells:

 Your Spells              Type           Power        Failure   Level  Hunger
a - Beastly Appendage     Tmut           #.....       8%          1    #......
b - Sticks to Snakes      Tmut           #.......     11%         2    ###....
c - Spider Form           Tmut/Pois      #.........   36%         3    ###....


Dungeon Overview and Level Annotations

Branches:
Dungeon (4/15)
 Temple: D:4-7

Altars:
Dithmenos


Innate Abilities, Weirdness & Mutations

You cannot wear most types of armour.
You are very stealthy in the water. (Stealth+)
You are amphibious.
You can wear up to eight rings at the same time.
You can use your tentacles to constrict eight enemies at once.
Your skin changes colour to match your surroundings (Stealth+).
Your rubbery body absorbs attacks. (AC +1, EV +1)
One of your tentacles bears a large vicious spike.


Message History

The orc priest invokes the aid of Beogh against you.
Beogh smites you! The orc priest hits you with a club.
You see here a war axe.
You are too injured to fight recklessly!
You are too injured to fight recklessly!
You tentacle-slap the orc priest. Your grab misses the orc priest.
The orc priest is moderately wounded.
The orc priest hits you with a club.
You tentacle-slap the orc priest. You grab the orc priest.
The orc priest is severely wounded.
You constrict the orc priest, but do no damage.
The orc priest hits you with a club!
* * * LOW HITPOINT WARNING * * *
You tentacle-slap the orc priest but do no damage.
The orc priest is severely wounded.
You constrict the orc priest.
The orc priest mumbles some strange prayers to Beogh against you.
Beogh smites you!
You die...

.. #####.......... .
#..............
...###.......... #
#.......... ###
####.......... ....
##............. .....
##..............
.....o###..#############
.....oo@..## .)...o#####
..... .... ###


You could see an orc priest, 2 orc wizards and an orc.

Vanquished Creatures
  Sigmund (D:2)
  Crazy Yiuf (D:2)
  A hound (D:4)
  A jelly (D:2)
  An iguana (D:4)
  4 gnolls (D:3)
  4 adders
  A worm (D:4)
  4 dart slugs
  2 leopard geckos (D:1)
  An orc (D:4)
  A ball python (D:3)
  10 bats
  4 giant cockroaches
  10 goblins
  12 hobgoblins
  4 jackals (D:2)
  8 kobolds
  2 quokkas (D:2)
  6 frilled lizards
  9 rats
87 creatures vanquished.

Notes
Turn   | Place    | Note
-------+----------+-------------------------------------------
     0 | D:1      | prawnwizard the Octopode Transmuter began the quest for the Orb.
     0 | D:1      | Reached XP level 1. HP: 13/13 MP: 3/3
    72 | D:1      | Reached XP level 2. HP: 3/18 MP: 5/5
   642 | D:1      | Reached XP level 3. HP: 12/23 MP: 6/6
  1360 | D:2      | Reached XP level 4. HP: 5/28 MP: 7/7
  1734 | D:2      | Reached skill level 4 in Unarmed Combat
  2041 | D:2      | Noticed Sigmund
  2053 | D:2      | Killed Sigmund
  2053 | D:2      | Reached XP level 5. HP: 21/33 MP: 6/9
  2053 | D:2      | Reached XP level 6. HP: 24/38 MP: 6/10
  2305 | D:2      | Found a runed door.
  2475 | D:2      | Learned a level 2 spell: Sticks to Snakes
  2479 | D:2      | Learned a level 3 spell: Spider Form
  2480 | D:2      | Noticed Crazy Yiuf
  2489 | D:2      | Killed Crazy Yiuf
  2816 | D:3      | Reached skill level 5 in Unarmed Combat
  3119 | D:3      | Found a shadowy altar of Dithmenos.
  3889 | D:4      | Reached XP level 7. HP: 25/43 MP: 12/12
  4015 | D:4      | Killed from afar by an orc priest

Skill      XL: |  1  2  3  4  5  6 |
---------------+-------------------+-----
Unarmed Combat | 4 5 |  5.3
Dodging        | 3 |  3.5
Spellcasting   | 3 |  3.4
Transmutations | 3 |  3.6
Fighting       | |  1.0

Action                   |  1- 3 |  4- 6 |  7- 9 || total
-------------------------+-------+-------+-------++-------
Melee: Unarmed           |    78 |   133 |     7 ||   218
       Constrict         |    25 |    35 |     2 ||    62
       Tentacles         |    12 |    25 |     1 ||    38
       Kick              |     4 |     6 |       ||    10
       Punch             |       |     3 |       ||     3
 Cast: Beastly Appendage |     1 |     4 |     1 ||     6
       Spider Form       |       |     1 |       ||     1
 Stab: Sleeping          |     4 |    11 |       ||    15
       Distracted        |     1 |       |       ||     1
  Eat: Chunk             |     1 |     9 |       ||    10
Armor: Skin              |    10 |    17 |       ||    27
Dodge: Dodged            |    47 |    91 |     2 ||   140
